AoeStats
← Lucasp103342

Arabia

508964953Analyzed
1v1 RM · 8d ago on Sep 24, 2026· 23m 59s· 2 players
Game mode
Random Map
Map size
Tiny (2 player)
Population
200
Speed
Normal
Resources
Standard
Victory
Conquest
Starting age
Dark Age
Ending age
Imperial Age
RankedLock teamsTeams togetherTeam positionsShared explorationLock speedFull tech treeHidden civsTurbo modeCheats
Victory
Defeat
🇺🇸 Danes · United States
975
+16
🇦🇷 Italians · Argentina
970
-16
Lucasp103342
7:39 Loom
10:22 Feudal Age
16:35 Wheelbarrow
19:45 Castle Age
18:03 Double-Bit Axe
20:21 Horse Collar
20:52 Fletching
Gremblino
6:34 Loom
9:58 Feudal Age
10:02 Man-at-Arms
10:29 Arson
10:43 Double-Bit Axe
12:08 Town Watch
14:17 Horse Collar
15:51 Wheelbarrow
20:42 Castle Age
21:30 Squires
22:57 Bow Saw
Connection lost

Rejoining the realm…

Still unreachable

The connection could not be restored.

Session expired

The server has moved on; the page needs a fresh start.